 Dungeon Crawl Stone Soup version 0.31-a0-365-gcf821cafb2 (webtiles) character file.

Game seed: 1332289866162391173

61 porpoise the Shooter (level 4, -6/28 HPs)
             Began as a Kobold Hunter on July 28, 2023.
             Mangled by a sleepcap (19 damage)
             ... on level 3 of the Dungeon.
             The game lasted 00:04:38 (2065 turns).

porpoise the Shooter (Kobold Hunter)                Turns: 2065, Time: 00:04:39

Health: -6/28      AC:  3    Str:  8    XL:     4   Next: 27%
Magic:  4/4        EV:  3    Int: 10    God:
Gold:   166        SH:  0    Dex: 20    Spells: 3/3 levels left

rFire   . . .        a - +0 shortbow
rCold   . . .        (shield currently unavailable)
rNeg    . . .        c - +0 leather armour
rPois   .            (no helmet)
rElec   .            (no cloak)
rCorr   .            (no gloves)
SInv    .            (no boots)
Will    .....        (no amulet)
Stlth   +++          (no ring)
HPRegen 0.24/turn    (no ring)
MPRegen 0.09/turn

%: no passive effects
@: sleeping
A: small, no large weapons, nightstalker 3
a: no special abilities


You were on level 3 of the Dungeon.
You visited 1 branch of the dungeon, and saw 3 of its levels.

You collected 166 gold pieces.

Inventory:

Hand Weapons
 a - a +0 shortbow (weapon)
Armour
 c - a +0 leather armour (worn)
Scrolls
 b - a scroll of butterflies
 d - a scroll of vulnerability {unknown}
 e - a scroll of identify {unknown}
 f - a scroll of fog {unknown}
 h - a scroll of summoning {unknown}
 j - a scroll of poison {unknown}
Potions
 g - a potion of attraction {unknown}
 i - a potion of might {unknown}


   Skills:
 + Level 3.2 Fighting
 * Level 6.7 Ranged Weapons
 - Level 2.4 Dodging
 - Level 1.3 Stealth


You had 3 spell levels left.
You didn't know any spells.
Your spell library contained the following spells:

 Spells                   Type           Power      Damage    Failure   Level
 Sting                    Tmut/Pois      0%         1d3       50%         1
 Summon Small Mammal      Summ           0%         N/A       50%         1
 Lesser Beckoning         Tloc           0%         N/A       63%         2
 Poisonous Vapours        Pois/Air       0%         N/A       63%         2
 Call Canine Familiar     Summ           0%         N/A       86%         3
 Gell's Gravitas          Tloc           0%         N/A       86%         3
 Stone Arrow              Conj/Erth      0%         3d7       86%         3
 Summon Guardian Golem    Hex/Summ       0%         N/A       86%         3
 Teleport Other           Tloc           0%         N/A       86%         3
 Animate Armour           Summ/Erth      0%         N/A       99%         4
 Olgreb's Toxic Radiance  Pois           0%         N/A       99%         4
 Lehudib's Crystal Spear  Conj/Erth      0%         10d2      100%        8


Dungeon Overview and Level Annotations

Branches:
Dungeon (3/15)

Altars:

Shops:
D:1 (


Innate Abilities, Weirdness & Mutations

You are small and have problems with some larger weapons.
You are completely attuned to the shadows.


Message History

No target in view!
Found a stone staircase leading down.
Things that are here:
a +0 trident; a +0 ring mail
i - a bubbling blue potion
j - a scroll labelled GECAPT POCLOW You now have 166 gold pieces (gained 10).
Found a stone staircase leading up.
Found a beast talisman.
A sleepcap comes into view.
You shoot an arrow.
The arrow hits the sleepcap but does no damage.
No target in view!
No target in view!
You shoot an arrow. The arrow hits the sleepcap.
The sleepcap is lightly damaged.
You shoot an arrow. The arrow hits the sleepcap.
The sleepcap is lightly damaged.
The sleepcap releases spores at you but does no damage.
You shoot an arrow.
The arrow hits the sleepcap but does no damage.
The sleepcap is lightly damaged.
The sleepcap misses you.
You shoot an arrow. The arrow hits the sleepcap.
The sleepcap is moderately damaged.
The sleepcap releases spores at you.
You shoot an arrow. The arrow hits the sleepcap!
The sleepcap is heavily damaged.
The sleepcap misses you.
You shoot an arrow. The arrow hits the sleepcap.
The sleepcap is heavily damaged.
The sleepcap releases spores at you!
You shoot an arrow. The arrow hits the sleepcap.
The sleepcap is heavily damaged.
The sleepcap releases spores at you.
You are engulfed in a cloud of soporific spores!
You fall asleep.
The sleepcap releases spores at you!!
Ouch! That really hurt!
You die...

########## #.........
#.###..### #.#.#..#..
.# ######.#.#..#.##.#
# #....#.#<...#.##◎#.#
##....#.####.#..#.#.##
................@f....
############.####.#.#
#......# ########


You could see a sleepcap.

Vanquished Creatures
  An adder (D:2)
  2 orcs (D:3)
  3 bats
  5 endoplasms
  6 giant cockroaches
  4 goblins
  A hobgoblin (D:1)
  4 kobolds
  3 quokkas
  7 ball pythons
  5 frilled lizards
  5 rats
46 creatures vanquished.

Notes
Turn   | Place    | Note
-------+----------+-------------------------------------------
     0 | D:1      | porpoise the Kobold Hunter began the quest for the Orb.
     0 | D:1      | Reached XP level 1. HP: 12/12 MP: 1/1
   154 | D:1      | Found Paxus's Weapon Shop.
   202 | D:1      | Reached XP level 2. HP: 18/18 MP: 2/2
   777 | D:1      | Reached skill level 6 in Ranged Weapons
  1116 | D:1      | Reached XP level 3. HP: 2/22 MP: 3/3
  1588 | D:2      | Reached XP level 4. HP: 24/28 MP: 4/4
  1920 | D:3      | Found a faded altar of an unknown god.
  2065 | D:3      | Mangled by a sleepcap

Illustrated notes

Levels and vault maps discovered:
D:1:      dpeg_arrival_tiny_h, layout_basic, serial_forest,
          infiniplex_forest_fountain, infiniplex_forest_split,
          infiniplex_forest_side_room, infiniplex_forest_zigzag_1,
          infiniplex_forest_join, infiniplex_forest_clump_diagonal,
          serial_shops, nicolae_shop_bloodbath_and_beyond
D:2:      layout_rooms
D:3:      layout_basic, hellmonk_ecumenical_altar_inner_sanctum

Skill      XL: |  1  2  3 |
---------------+----------+-----
Ranged Weapons | 6 |  6.7
Fighting       | 3 |  3.2
Dodging        | |  2.4
Stealth        | |  1.3

Action                     |  1- 3 |  4- 6 || total
---------------------------+-------+-------++-------
   Fire: Shortbow          |    96 |    27 ||   123
 Armour: Leather armour    |    12 |     1 ||    13
  Dodge: Dodged            |    57 |     4 ||    61

Table legend: (Time is in decaauts)
 A = Elapsed time spent in this place.
 B = Non-inter-level travel time spent in this place.
 C = Inter-level travel time spent in this place.
 D = Time resting spent in this place.
 E = Time spent auto-exploring this place.
 F = Levels seen in this place.
 G = Mean time per level.
                   A        B        C        D        E       F      G
               +--------+--------+--------+--------+--------+-----+--------+
         Total |   2084 |   2028 |     56 |    272 |   1536 |   3 |  694.7 |
       Dungeon |   2084 |   2028 |     56 |    272 |   1536 |   3 |  694.7 |
               +--------+--------+--------+--------+--------+-----+--------+

Top non-repeatable levels by time:
     D:1: 1310 daAuts
     D:2: 587 daAuts
     D:3: 186 daAuts
